 Dungeon Crawl Stone Soup version 0.30.1-4-g462c640d31 (webtiles) character file.

Game seed: 16540903965066886040

753 monsoonserge the Ruffian (level 7, -3/51 HPs)
             Began as a Demonspawn Reaver on Sept 9, 2023.
             Splashed by a jelly's acid (10 damage)
             ... on level 5 of the Dungeon.
             The game lasted 00:10:14 (3930 turns).

monsoonserge the Ruffian (Demonspawn Reaver)        Turns: 3930, Time: 00:10:15

Health: -3/51      AC: -17   Str: 20    XL:     7   Next: 49%
Magic:  19/19      EV:  9    Int: 14    God:
Gold:   239        SH:  0    Dex: 12    Spells: 9/10 levels left

rFire   + .          .
                       - Unarmed
rCold   . . .        (no shield)
rNeg    . . .        a - +0 chain mail {rF+}
rPois   .            o - +0 helmet
rElec   .            (no cloak)
rCorr   .            (no gloves)
SInv    .            (no boots)
Will    .....        (no amulet) Stlth
                     p - +6 ring of strength
HPRegen 0.28/turn    l - ring of magical power
MPRegen 0.32/turn

%: no passive effects
@: confused, ambrosia-drunk, corroded
A: claws 1, ignite blood 1, magic regeneration
a: no special abilities


You were on level 5 of the Dungeon.
You visited 1 branch of the dungeon, and saw 5 of its levels.

You collected 239 gold pieces.

Inventory:

Missiles
 f - 6 poisoned darts
Armour
 a - a +0 chain mail of fire resistance (worn)
 o - a +0 helmet (worn)
Magical Staves
 u - a staff of fire
Jewellery
 j - a ring of flight
 l - a ring of magical power (right claw)
 m - an amulet of faith
 p - a +6 ring of strength (left claw)
Scrolls
 b - 2 scrolls of summoning {unknown}
 d - 2 scrolls of torment {unknown}
 e - a scroll of poison {unknown}
 g - a scroll of magic mapping {unknown}
 i - 5 scrolls of identify {unknown}
 k - a scroll of fear {unknown}
 q - a scroll of fog {unknown}
Potions
 c - 2 potions of attraction
 h - a potion of resistance {unknown}
 n - a potion of curing
 r - a potion of cancellation {unknown}
 t - a potion of lignification {unknown}


   Skills:
 + Level 2.5 Fighting
 - Level 3.0 Maces & Flails
 * Level 3.7 Armour
 + Level 2.4 Dodging
 + Level 0.3 Stealth
 * Level 5.6 Unarmed Combat
 - Level 2.0 Spellcasting
 - Level 3.0 Conjurations
 - Level 1.0 Necromancy


You had 9 spell levels left.
You knew the following spells:

 Your Spells              Type           Power      Damage    Failure   Level
a - Kiss of Death         Conj/Necr      28%        2d7       61%         1

Your spell library contained the following spells:

 Spells                   Type           Power      Damage    Failure   Level
 Momentum Strike          Conj/Tloc      10%        3d8       82%         2
 Hailstorm                Conj/Ice       5%         3d4       96%         3
 Gell's Gravitas          Tloc           1%         N/A       99%         3
 Teleport Other           Tloc           1%         N/A       99%         3
 Dispersal                Tloc           0%         N/A       100%        6


Dungeon Overview and Level Annotations

Branches:
Dungeon (5/15)
 Temple: D:4-7

Altars:
Cheibriados
Dithmenos
Fedhas
Xom


Innate Abilities, Weirdness & Mutations

You have sharp fingernails.
Your demonic aura sometimes causes spilled blood to erupt in flames.
You regenerate magic rapidly.


Message History

The jelly hits you.
You are splashed with acid!
* * * LOW HITPOINT WARNING * * *
Okay, then.
It was a potion of curing.
You feel better. The jelly barely misses you.
Okay, then.
It was a potion of ambrosia.
You are confused.
You feel invigorated. The jelly barely misses you.
There is an open door here.
You bump into the rock wall.
The jelly closely misses you.
You bump into the rock wall.
The jelly hits you. The acid corrodes you!
You are splashed with acid!
You scratch the jelly.
Your claws burn!
The jelly is severely wounded.
You bump into the rock wall.
The jelly hits you. The acid corrodes you!
You are splashed with acid!
You closely miss the jelly.
The jelly is severely wounded.
The jelly hits you. The acid corrodes you!
You are splashed with acid!
You closely miss the jelly.
The jelly is severely wounded.
The jelly completely misses you.
You bump into the rock wall.
You feel less invigorated.
You feel less confused. The jelly hits you.
You are splashed with acid.
The jelly attacks as you move away! The jelly hits you.
* * * LOW HITPOINT WARNING * * *
You are splashed with acid!
* * * LOW HITPOINT WARNING * * *
You are confused.
You feel invigorated. The jelly completely misses you.
The jelly attacks as you move away! The jelly closely misses you.
You bump into the rock wall.
The jelly hits you.
* * * LOW HITPOINT WARNING * * *
The acid corrodes you!
You are splashed with acid!
* * * LOW HITPOINT WARNING * * *
The jelly hits you.
* * * LOW HITPOINT WARNING * * *
The acid corrodes you!
You are splashed with acid!
You die...

#...#.#
#.# #.#
#.#.#.#
#.# ..#
#.#.#.#
#.# ..#
#.#.#.#
#.# ..#
#.#...#
#.#
#.#####
#.#
#.#...#
#.#.#.#
#.#.#@#
#.#.#J#
#...#s#
#####'#
#..#.#
#.s..#
#..###
#..#
#..#


You could see a scorpion and a jelly.

Vanquished Creatures
  2 scorpions (D:5)
  3 necrophages (D:4)
  A howler monkey (D:5)
  3 hounds
  An iguana (D:5)
  Natasha (thrice) (D:2)
  An orc wizard (D:5)
  2 hound zombies (D:4)
  A howler monkey zombie (D:4)
  A mummy (D:5)
  7 adders
  An adder zombie (D:4)
  2 dart slugs (D:2)
  3 orcs
  8 endoplasms
  2 giant cockroaches (D:1)
  7 goblins
  7 hobgoblins
  7 jackals
  3 quokkas
  4 ball pythons (D:1)
  3 bats
  3 frilled lizards
  4 kobolds
  6 rats
85 creatures vanquished.

Vanquished Creatures (others)
  An orc wizard (D:2)
1 creature vanquished.

Grand Total: 86 creatures vanquished

Notes
Turn   | Place    | Note
-------+----------+-------------------------------------------
     0 | D:1      | monsoonserge the Demonspawn Reaver began the quest for the
                  | Orb.
     0 | D:1      | Reached XP level 1. HP: 16/16 MP: 3/3
   143 | D:1      | Gained mutation: You have sharp fingernails. [demonic
                  | ancestry]
   143 | D:1      | Reached XP level 2. HP: 20/22 MP: 5/5
   172 | D:1      | Reached skill level 1 in Necromancy
   614 | D:1      | Reached skill level 1 in Unarmed Combat
   614 | D:1      | Gained mutation: You regenerate magic rapidly. [demonic
                  | ancestry]
   614 | D:1      | Reached XP level 3. HP: 21/27 MP: 6/6
  1119 | D:2      | Noticed Natasha
  1140 | D:2      | Killed Natasha
  1141 | D:2      | Reached skill level 1 in Armour
  1281 | D:3      | Reached XP level 4. HP: 16/33 MP: 7/7
  1567 | D:2      | Reached skill level 2 in Unarmed Combat
  1752 | D:2      | Found a shimmering altar of Xom.
  1915 | D:2      | Noticed Natasha
  1931 | D:2      | Killed Natasha
  1932 | D:2      | Gained mutation: Your demonic aura sometimes causes spilled
                  | blood to erupt in flames. [demonic ancestry]
  1932 | D:2      | Reached XP level 5. HP: 10/38 MP: 8/8
  1977 | D:2      | Noticed Natasha
  2060 | D:2      | Killed Natasha
  2457 | D:3      | Reached skill level 3 in Unarmed Combat
  2746 | D:4      | Found a shadowy altar of Dithmenos.
  2889 | D:4      | Found a blossoming altar of Fedhas.
  3232 | D:4      | Reached XP level 6. HP: 41/46 MP: 9/9
  3253 | D:4      | Reached skill level 4 in Unarmed Combat
  3404 | D:5      | Entered Level 5 of the Dungeon
  3421 | D:5      | Reached XP level 7. HP: 44/51 MP: 10/10
  3459 | D:5      | Reached skill level 5 in Unarmed Combat
  3706 | D:5      | Found a snail-covered altar of Cheibriados.
  3926 | D:5      | HP: 2/51 [acid (12)]
  3930 | D:5      | Splashed by a jelly's acid

Illustrated notes

Levels and vault maps discovered:
D:1:      psy_arrival_whirlpool, layout_loops_ring
D:2:      layout_basic, basic_altar, uniq_natasha
D:3:      layout_rooms
D:4:      layout_basic, fedhas_altar_decomposition,
          mainiacjoe_overflow_cross_hatched
D:5:      layout_loops_ring, slow_altar_1, nicolae_gozag_seed_capital,
          minmay_temple_entry_statues, roderic_serpentine_path

Skill      XL: |  1  2  3  4  5  6  7 |
---------------+----------------------+-----
Maces & Flails | 3 |  3.0
Necromancy     | 1 |  1.0
Dodging        | 2 |  2.4
Unarmed Combat | 1 2 3 4 5 |  5.6
Armour         | 1 2 3 |  3.7
Fighting       | |  2.5
Stealth        | |  0.3
Spellcasting   | |  2.0
Conjurations   | |  3.0

Action                     |  1- 3 |  4- 6 |  7- 9 || total
---------------------------+-------+-------+-------++-------
  Melee: Mace              |    20 |       |       ||    20
         Unarmed           |   138 |   234 |    49 ||   421
         Punch             |     1 |     8 |       ||     9
    Use: Potion            |     1 |       |     3 ||     4
 Armour: Leather armour    |    18 |       |       ||    18
         Chain mail        |    41 |   117 |    19 ||   177
  Dodge: Dodged            |    84 |    65 |    16 ||   165
